 Dungeon Crawl Stone Soup version 0.16-b1 (webtiles) character file.

911 RobertPalmer the Basher (level 8, -4/55 HPs)
             Began as an Octopode Wanderer on Mar 14, 2015.
             Killed themself with a badly aimed bolt of cold (12 damage)
             ... on level 5 of the Dungeon.
             The game lasted 00:10:46 (5910 turns).

RobertPalmer the Basher (Octopode Wanderer)         Turns: 5910, Time: 00:10:46

Health: -4/55      AC:  1    Str: 16    XL:     8   Next: 8%
Magic:  9/9        EV: 12    Int: 20    God:
Gold:   271        SH:  0    Dex: 13    Spells: 0 memorised, 7 levels left

rFire  . . .     SeeInvis .     e - +2 morningstar
rCold  . . .     Clarity  .     (no shield)
rNeg   . . .     SustAb   .     (helmet restricted)
rPois  .         Gourm    .     (no amulet)
rElec  .         Spirit   .     (no ring)
rCorr  .         Warding  .     (no ring)
rMut   .         Stasis   .     (no ring)
MR     .....                    (no ring)
Stlth  +++.......               (no ring)
                                (no ring)
                                (no ring)
                                (no ring)

@: mighty, brilliant, lethally poisoned (-4 -> -16), flying, not resistant to
hostile enchantments, fairly stealthy
A: almost no armour, amphibious, 8 rings, constrict 8, camouflage 1, gelatinous
body 1
a: no special abilities


You were on level 5 of the Dungeon.
You were not hungry.

You visited 1 branch of the dungeon, and saw 5 of its levels.

You collected 271 gold pieces.

Inventory:

Hand weapons
 e - a +2 morningstar (weapon)
   (You took it off an orc priest on level 5 of the Dungeon)
Missiles
 j - 36 poisoned needles
Magical devices
 d - a wand of lightning (0)
   (You took it off a goblin on level 3 of the Dungeon)
 u - a wand of random effects (28)
   (You found it on level 5 of the Dungeon)
 w - a wand of flame (10)
   (You found it on level 4 of the Dungeon)
Scrolls
 b - a scroll of magic mapping {unknown}
 k - 2 scrolls of immolation {unknown}
 m - 5 scrolls of identify
 n - 3 scrolls of remove curse {unknown}
 q - a scroll of enchant armour {unknown}
 s - 2 scrolls of fear {unknown}
 t - a scroll of recharging {unknown}
Potions
 g - 2 potions of cure mutation {!q}
 l - a potion of mutation {!q}
Books
 x - a book of Transfigurations
   (You found it on level 4 of the Dungeon)
Comestibles
 f - 3 bread rations
 h - 2 beef jerkies
 i - 2 royal jellies
 o - a meat ration
 p - 3 chunks of flesh


   Skills:
 - Level 5.0 Fighting
 + Level 8.7 Maces & Flails
 + Level 2.2 Dodging
 - Level 1.3 Stealth
   Level 1.0 Shields
 - Level 1.1 Evocations


You had 7 spell levels left.
You didn't know any spells.

Dungeon Overview and Level Annotations

Branches:
Dungeon (5/15)
 Temple: D:4-7

Altars:
Dithmenos
Fedhas
Gozag
Kikubaaqudgha
Nemelex Xobeh
Xom

Shops:
D:4 %


Innate Abilities, Weirdness & Mutations

You cannot wear most types of armour.
You are amphibious.
You can wear up to eight rings at the same time.
You can use your tentacles to constrict many enemies at once.
Your skin changes colour to match your surroundings (Stealth).
Your rubbery body absorbs attacks (AC +1).


Message History

There is an open door here.
You see here 20 arrows of flame.
You open the door.
There is an open door here.
Found an escape hatch in the ceiling.
Found a stone staircase leading down.
An orc comes into view. It is wielding a flail.
An orc is nearby!
An orc is nearby!
The orc shouts!
You barely miss the orc. You grab the orc. You constrict the orc.
The orc misses you.
You hit the orc.
You kill the orc!
Things that are here:
a flail; a leather armour; an orc corpse You butcher the orc corpse.
p - 3 chunks of flesh
Things that are here:
a flail; a leather armour; an orc skeleton You now have 271 gold pieces (gained 20).
There is an open door here.
An adder and a kobold come into view.
There are monsters nearby!
There are monsters nearby!
There are monsters nearby!
The helpless kobold fails to defend itself.
You sock the kobold!
You kill the kobold!
The adder barely misses you.
You closely miss the adder. You grab the adder. You squeeze the adder!
The adder is almost dead.
You constrict the adder.
You kill the adder!
No target in view!
You see here an adder corpse.
An orc wizard comes into view. It is wielding a dagger of venom.
The orc shouts!
You see here an adder corpse.
You puncture the orc!
You kill the orc!
No target in view!
Things that are here:
a falchion; an orc corpse; an adder corpse The orc wizard shouts!
The orc wizard mumbles some strange words.
The orc wizard flickers and vanishes!
Deactivating autopickup; reactivate with Ctrl-A.
Something barely misses you.
You sock something! Something hits you.
You closely miss something. Something hits you.
You are poisoned.
You miss something.
You feel sick. Something hits you.
You are more poisoned.
You miss something.
You feel sick. Something hits you.
You are more poisoned.
You hit something but do no damage. You squeeze something.
You feel sick. Something hits you.
You are lethally poisoned!
You hit something.
Reactivating autopickup.
You feel a bit more experienced.
You feel very sick.
You feel very sick.
Things that are here:
a dagger of venom; a robe Drink which item? (? for menu, Esc to quit)
It was a potion of brilliance.
You feel clever all of a sudden.
You feel very sick.
Drink which item? (? for menu, Esc to quit)
It was a potion of might.
You feel very mighty all of a sudden.
You feel sick.
Drink which item? (? for menu, Esc to quit)
It was a potion of restore abilities.
You feel refreshed.
You feel very sick.
Drink which item? (? for menu, Esc to quit)
It was a potion of flight.
You feel very buoyant.
You fly up into the air.
You feel sick.
You feel sick.
* * * LOW HITPOINT WARNING * * *
You feel sick.
* * * LOW HITPOINT WARNING * * *
You feel sick.
* * * LOW HITPOINT WARNING * * *
You feel sick.
* * * LOW HITPOINT WARNING * * *
You feel sick.
* * * LOW HITPOINT WARNING * * *
You feel sick.
* * * LOW HITPOINT WARNING * * *
You feel sick.
Evoke which item? (* to show all) (? for menu, Esc to quit)
Zapping:
u - a wand of random effects {zapped: 8} (will waste charges)
Press: ? - help, Shift-Dir - straight line, f - you Really target yourself?
The bolt of cold hits you!
You die...

#+## #...#
...# ##.)#
...# #..##
...# ##..#
#'## #..#
..# ##.##
.(# #..#
..# #..#
.(#####...
#@.#
..........
##.#
(.........
..#
.........
.%#
.......##
#..
.......#
#.#
.......#
..
.......#
#. .......


There were no monsters in sight!

Vanquished Creatures
  A phantom (D:4)
  2 ogres (D:4)
  2 centaurs
  An orc priest (D:5)
  2 jellies (D:4)
  3 hounds (D:5)
  A centaur skeleton (D:5)
  An orc wizard (D:5)
  2 worker ants (D:4)
  2 hound skeletons (D:4)
  7 adders
  A giant mite (D:3)
  2 worms
  An adder skeleton (D:4)
  4 giant geckos
  3 oozes
  4 orcs
  5 giant cockroaches
  9 goblins
  11 hobgoblins
  4 jackals (D:4)
  14 kobolds
  10 bats
  2 giant newts
  13 rats
107 creatures vanquished.

Notes
Turn   | Place    | Note
--------------------------------------------------------------
     0 | D:1      | RobertPalmer, the Octopode Wanderer, began the quest for the Orb.
     0 | D:1      | RobertPalmer set off with: a +0 mace, a potion of lignification {!q}, a bread ration
     0 | D:1      | Reached XP level 1. HP: 18/18 MP: 1/1
   306 | D:1      | Reached skill level 2 in Maces & Flails
   306 | D:1      | Reached XP level 2. HP: 14/24 MP: 2/2
   969 | D:2      | Reached skill level 3 in Maces & Flails
   969 | D:2      | Reached XP level 3. HP: 10/29 MP: 3/3
   976 | D:2      | HP: 7/29 [poisoned by an adder]
   984 | D:2      | HP: 6/29 [poisoned by an adder]
  1605 | D:2      | Reached XP level 4. HP: 28/35 MP: 4/4
  2003 | D:2      | Reached skill level 4 in Maces & Flails
  2632 | D:3      | HP: 8/35 [goblin/stone (2)]
  2847 | D:3      | Reached XP level 5. HP: 30/39 MP: 5/5
  2942 | D:3      | Found an opulent altar of Gozag.
  2992 | D:4      | Found Birgh's Food Emporium.
  2999 | D:4      | Found a sparkling altar of Nemelex Xobeh.
  3143 | D:4      | Noticed an ogre
  3152 | D:4      | Killed an ogre
  3152 | D:4      | Reached skill level 5 in Maces & Flails
  3250 | D:4      | Found a shadowy altar of Dithmenos.
  3306 | D:4      | Reached XP level 6. HP: 32/45 MP: 7/7
  3542 | D:4      | Noticed a centaur
  3615 | D:4      | Reached skill level 6 in Maces & Flails
  4170 | D:4      | HP: 15/67 [centaur (2)]
  4172 | D:4      | Killed a centaur
  4172 | D:4      | Reached skill level 7 in Maces & Flails
  4172 | D:4      | Reached XP level 7. HP: 17/50 MP: 8/8
  4441 | D:4      | Noticed a phantom
  4485 | D:4      | Killed a phantom
  4514 | D:4      | Found a blossoming altar of Fedhas.
  4517 | D:4      | Found an ancient bone altar of Kikubaaqudgha.
  4635 | D:4      | Found a runed door.
  5114 | D:5      | Entered Level 5 of the Dungeon
  5178 | D:5      | Found a shimmering altar of Xom.
  5219 | D:5      | Reached skill level 8 in Maces & Flails
  5231 | D:5      | HP: 11/50 [hound (5)]
  5235 | D:5      | HP: 3/50 [hound (6)]
  5788 | D:5      | Reached skill level 2 in Dodging
  5788 | D:5      | Reached XP level 8. HP: 44/55 MP: 9/9
  5905 | D:5      | HP: 13/55 [poisoned by an orc wizard]
  5910 | D:5      | Killed themself with a badly aimed bolt of cold

Action                   |  1- 3 |  4- 6 |  7- 9 || total
-------------------------+-------+-------+-------++-------
Melee: Whip              |    66 |     7 |       ||    73
       Mace              |     4 |     4 |       ||     8
       Flail             |       |    78 |    92 ||   170
       Morningstar       |       |       |    22 ||    22
Throw: Javelin           |       |    10 |     5 ||    15
Evoke: Wand              |       |     7 |     3 ||    10
  Use: Scroll            |       |     6 |     2 ||     8
       Potion            |       |     1 |     7 ||     8
 Stab: Sleeping          |     3 |     5 |     1 ||     9
       Distracted        |     2 |       |       ||     2
  Eat: Chunk             |     2 |     8 |     4 ||    14
       Pizza             |       |       |     1 ||     1

Vault maps used:
D:1:      minmay_arrival_glassed_features
D:3:      grunt_gozag_statues
D:4:      minmay_door_path, grunt_temple_overflow_growth_and_decay,
          nemelex_xobeh_ov_fountains_minmay, nicolae_dithmenos_the_darkroom,
          serial_shops, shop, hangedman_jelly_panic
D:5:      xom_butterflies, minmay_temple_entry_trees, first_bread, basic_altar,
          grunt_ministairs_6

Table legend:
 A = Turns spent in this place as a percentage of turns spent in the entire game.
 B = Non-inter-level travel turns spent in this place as a percentage of non-inter-level travel turns spent in the entire game.
 C = Inter-level travel turns spent in this place as a percentage of turns spent in this place.
 D = Turns resting spent in this place as a percentage of non-inter-level travel turns spent in this place.
 E = Turns spent auto-exploring this place as a percentage of non-inter-level travel turns spent in this place.
 F = Non-inter-level travel turns spent in this place divided by the number of levels of this place that you've seen.
                   A       B       C       D       E      F
               +-------+-------+-------+-------+-------+----------------------
         Total | 100.0 | 100.0 |   0.2 |   2.5 |   8.0 | 340.8
       Dungeon | 100.0 | 100.0 |   0.2 |   2.5 |   8.0 | 340.8
               +-------+-------+-------+-------+-------+----------------------

Table legend:
 A = Kills in this place as a percentage of kills in entire the game.
 B = Kills by you in this place as a percentage of kills by you in the entire game.
 C = Kills by friends in this place as a percentage of kills by friends in the entire game.
 D = Other kills in this place as a percentage of other kills in the entire game.
 E = Experience gained in this place as a percentage of experience gained in the entire game.
 F = Experience gained in this place divided by the number of levels of this place that you have seen.
                   A       B       C       D       E      F
               +-------+-------+-------+-------+-------+----------------------
         Total | 100.0 | 100.0 |  -nan |  -nan | 100.0 | 260.4
       Dungeon | 100.0 | 100.0 |  -nan |  -nan | 100.0 | 260.4
               +-------+-------+-------+-------+-------+----------------------
